 Dungeon Crawl Stone Soup version 0.31-a0-187-gba352fbbf7 (webtiles) character file.

Game seed: 10721189518190578524

354 qw the Skirmisher (level 6, -3/36 HPs)
             Began as a Deep Elf Hunter on June 22, 2023.
             Slain by a gnoll
             ... wielding a +0 spear
              (4 damage)
             ... on level 3 of the Dungeon.
             The game lasted 00:01:03 (2410 turns).

qw the Skirmisher (Deep Elf Hunter)                 Turns: 2410, Time: 00:01:03

Health: -3/36      AC:  5    Str: 10    XL:     6   Next: 35%
Magic:  8/8        EV: 12    Int: 14    God:
Gold:   228        SH:  0    Dex: 18    Spells: 5/5 levels left

rFire   . . .        Y - +1 shortbow
rCold   . . .        (shield currently unavailable)
rNeg    . . .        d - +0 leather armour {rPois}
rPois   +            (no helmet)
rElec   .            j - +0 cloak
rCorr   .            i - +0 pair of gloves
SInv    .            (no boots)
Will    .....        (no amulet)
Stlth   ++           (no ring)
HPRegen 0.26/turn    (no ring)
MPRegen 0.11/turn

%: no passive effects
@: no status effects
A: no striking features
a: no special abilities


You were on level 3 of the Dungeon.
You visited 1 branch of the dungeon, and saw 3 of its levels.

You collected 228 gold pieces.


   Skills:
 - Level 2.4 Fighting
 + Level 9.4 Ranged Weapons
 - Level 3.0 Dodging
 - Level 1.2 Stealth


You had 5 spell levels left.
You didn't know any spells.
Your spell library was empty.

Inventory:

Hand Weapons
 Y - a +1 shortbow (weapon)
Armour
 a - a +0 scale mail
 d - a +0 leather armour of poison resistance (worn)
 i - a +0 pair of gloves (worn)
 j - a +0 cloak (worn)
Potions
 b - a potion of heal wounds {unknown}
 f - a potion of lignification {unknown}
 g - a potion of degeneration {unknown}
 h - a potion of curing

Dungeon Overview and Level Annotations

Branches:
Dungeon (3/15)

Altars:


Message History

The kobold barely misses you.
You shoot an arrow. The arrow hits the kobold!
You kill the kobold!
You shoot an arrow. The arrow barely misses the hobgoblin.
The hobgoblin barely misses you.
You shoot an arrow. The arrow hits the hobgoblin.
You kill the hobgoblin!
You now have 193 gold pieces (gained 11).
You see here 9 stones.
You now have 228 gold pieces (gained 35).
There is an open door here.
Items here: %%% ( ))).
There is an open door here.
Items here: %%% ( ))).
You open the door. 4 kobolds and 3 gnolls come into view.
The kobold shouts! x2; The gnoll shouts!
The kobold shouts!
The gnoll shouts!
Enter note:
Enter note:
Enter note: You shoot an arrow.
The arrow hits the gnoll.
The gnoll is moderately wounded.
The gnoll hits you from afar with a +0 spear!
You shoot an arrow. The arrow closely misses the gnoll.
The gnoll hits you with a +0 club.
The gnoll hits you from afar with a +0 spear.
The gnoll barely misses you.
You shoot an arrow. The arrow barely misses the gnoll.
The gnoll hits you with a +0 club. The gnoll completely misses you.
The gnoll hits you from afar with a +0 spear.
You shoot an arrow. The arrow barely misses the gnoll.
The gnoll hits you with a +0 club.
The gnoll hits you from afar with a +0 spear.
The gnoll barely misses you.
You shoot an arrow.
The arrow hits the gnoll but does no damage.
The gnoll is moderately wounded.
The gnoll barely misses you. The gnoll hits you with a +0 club.
The gnoll hits you from afar with a +0 spear.
You die...

##### #...########
#### #.KK#......##
##...
KKg#.......###....
#g##........#[....
#@g.........#.....
#.......(...'.....
#.().)......#.....
##)##........#.....
#...#.....?.###....
#...#.(....## ##...
#...######## ####
#####


You could see 3 gnolls and 4 kobolds.

Vanquished Creatures
  A black bear (D:2)
  A kobold brigand (D:3)
  8 gnolls (D:3)
  2 adders (D:2)
  A worm (D:3)
  3 endoplasms (D:1)
  3 giant cockroaches
  8 goblins
  4 hobgoblins
  6 jackals (D:1)
  6 quokkas
  4 ball pythons
  8 bats
  5 frilled lizards
  31 kobolds
  7 rats
98 creatures vanquished.

Notes
Turn   | Place    | Note
-------+----------+-------------------------------------------
     0 | D:1      | qw the Deep Elf Hunter began the quest for the Orb.
     0 | D:1      | Reached XP level 1. HP: 12/12 MP: 3/3
     0 | D:1      | 0 ||| qw: Version: 0.3-a-9-g12657ce
     0 | D:1      | 0 ||| qw: Game counter: 2360
     0 | D:1      | 0 ||| qw: Always use a shield: true
     0 | D:1      | 0 ||| qw: God list: Okawaru
     0 | D:1      | 0 ||| qw: Allow faded altars: false
     0 | D:1      | 0 ||| qw: Do Orc after D:15 true
     0 | D:1      | 0 ||| qw: Do second Lair branch before Depths: true
     0 | D:1      | 0 ||| qw: Lair rune preference: random
     0 | D:1      | 0 ||| qw: Plans: Normal
     0 | D:1      | 0 ||| PLANNING D:1-11
    75 | D:1      | Reached skill level 6 in Ranged Weapons
    75 | D:1      | Reached XP level 2. HP: 9/16 MP: 4/4
   415 | D:1      | Reached XP level 3. HP: 20/20 MP: 5/5
   627 | D:1      | 627 ||| FLEEEEING.
   629 | D:1      | 629 ||| FLEEEEING.
   630 | D:1      | 630 ||| FLEEEEING.
   740 | D:1      | 740 ||| UPGRADING to +0 pair of gloves.
   745 | D:1      | 745 ||| UPGRADING to +0 cloak.
   750 | D:1      | 750 ||| READING 2 scrolls labelled VUFFOL ZISO.
   751 | D:1      | 751 ||| READING scroll labelled WARODA HAUTRE.
   790 | D:1      | 790 ||| DROPPING scroll of noise.
   791 | D:1      | 791 ||| DROPPING scroll of butterflies.
   839 | D:2      | Reached skill level 7 in Ranged Weapons
   867 | D:2      | Noticed a black bear
   874 | D:2      | HP: 5/20 [black bear (1)]
   875 | D:2      | HP: 2/20 [black bear (1)]
   877 | D:2      | Killed a black bear
   878 | D:2      | Reached skill level 8 in Ranged Weapons
   878 | D:2      | Reached XP level 4. HP: 2/25 MP: 6/6
   883 | D:2      | Reached XP level 5. HP: 3/29 MP: 7/7
  1745 | D:2      | 1745 ||| UPGRADING to +0 leather armour of poison
                  | resistance.
  1755 | D:2      | 1755 ||| DROPPING +0 leather armour.
  1756 | D:2      | 1756 ||| READING scroll labelled PEREXT MECLIPT.
  1757 | D:2      | 1757 ||| DRINKING 3 smoky emerald potions.
  1758 | D:2      | 1758 ||| DRINKING 2 cyan potions.
  1759 | D:2      | 1759 ||| DROPPING 2 potions of invisibility.
  1784 | D:3      | 1784 ||| Stepping ~*~*~tactically~*~*~ (outnumbered).
  1788 | D:3      | 1788 ||| Stepping ~*~*~tactically~*~*~ (outnumbered).
  2056 | D:3      | Reached skill level 9 in Ranged Weapons
  2148 | D:3      | Reached skill level 3 in Dodging
  2156 | D:3      | Reached XP level 6. HP: 26/36 MP: 8/8
  2409 | D:3      | HP: 8/36 [gnoll/+0 club (5)]
  2410 | D:3      | HP: 1/36 [gnoll/+0 club (5)]
  2410 | D:3      | Slain by a gnoll

Levels and vault maps discovered:
D:1:      dpeg_arrival_tiny_k, layout_basic, minmay_pentomino_s4
D:2:      layout_basic, hex_medium
D:3:      minmay_goblin_kobold_castle, layout_basic, serial_shops, shop,
          chequers_ecumenical_altar_simple, minmay_fountain_box

Skill      XL: |  1  2  3  4  5 |
---------------+----------------+-----
Ranged Weapons | 6 8 9 |  9.4
Dodging        | 3 |  3.0
Fighting       | 2 |  2.4
Stealth        | |  1.2

Action                     |  1- 3 |  4- 6 || total
---------------------------+-------+-------++-------
   Fire: Shortbow          |   108 |   161 ||   269
    Use: Scroll            |     2 |     1 ||     3
         Potion            |       |     2 ||     2
 Armour: Leather armour    |    17 |    14 ||    31
  Dodge: Dodged            |    43 |    53 ||    96

Table legend:
 A = Non-vault XP
 B = Vault XP
 C = Vault XP percentage of total XP
 D = Non-vault monster count
 E = Vault monster count
 F = Vault count percentage of total count
                 A         B        C        D         E       F
            +---------+---------+-------+---------+---------+-------
      Total |     240 |     267 |  52.7 |      56 |      42 |  42.9
            +---------+---------+-------+---------+---------+-------
        D:1 |      55 |       6 |   9.8 |      33 |       3 |   8.3
        D:2 |     174 |       0 |   0.0 |      18 |       0 |   0.0
        D:3 |      11 |     261 |  96.0 |       5 |      39 |  88.6
            +---------+---------+-------+---------+---------+-------
